 Dungeon Crawl Stone Soup version 0.32-a0-999-gfa1cc04b1d (webtiles) character file.

Game seed: 1000421490113165514

492 DrKenneth the Trooper (level 6, -7/57 HPs)
             Began as a Minotaur Fighter on Apr 25, 2024.
             Blown up by Ijyb (11 damage)
             ... with a mindburst bolt
             ... on level 4 of the Dungeon.
             The game lasted 00:07:26 (2599 turns).

DrKenneth the Trooper (Minotaur Fighter)            Turns: 2599, Time: 00:07:27

Health: -7/57      AC:  8    Str: 23    XL:     6   Next: 91%
Magic:  5/5        EV:  8    Int:  5    God:
Gold:   104        SH:  5    Dex: 15    Spells: 5/5 levels left

rFire   + . .        a - +0 war axe
rCold   . . .        c - +0 buckler
rNeg    . . .        b - +0 scale mail
rPois   .            (helmet restricted)
rElec   .            (no cloak)
rCorr   .            q - +0 pair of gloves
SInv    .            (no boots)
Will    .....        (no amulet) Stlth
                     l - ring of protection from fire
HPRegen 0.29/turn    r - +6 ring of dexterity
MPRegen 0.09/turn

%: no passive effects
@: no status effects
A: horns 2, retaliatory headbutt
a: no special abilities


You were on level 4 of the Dungeon.
You visited 1 branch of the dungeon, and saw 4 of its levels.

You collected 104 gold pieces.

Inventory:

Hand Weapons
 a - a +0 war axe (weapon)
Missiles
 p - a throwing net (quivered)
Armour
 b - a +0 scale mail (worn)
 c - a +0 buckler (worn)
 q - a +0 pair of gloves (worn)
Jewellery
 l - a ring of protection from fire (left hand)
 r - a +6 ring of dexterity (right hand)
 s - a ring of positive energy
Scrolls
 e - a scroll of brand weapon {unknown}
 f - 2 scrolls of blinking {unknown}
 i - a scroll of noise {unknown}
 m - 2 scrolls of revelation {unknown}
 n - 2 scrolls of poison {unknown}
 o - a scroll of teleportation {unknown}
Potions
 d - a potion of might
 g - 2 potions of cancellation
 h - a potion of mutation
 j - a potion of brilliance
 k - a potion of curing
 t - 2 potions of degeneration


   Skills:
 + Level 5.6 Fighting
 + Level 4.9 Axes
 + Level 5.6 Armour
 + Level 5.6 Shields


You had 5 spell levels left.
You didn't know any spells.
Your spell library was empty.

Dungeon Overview and Level Annotations

Branches:
Dungeon (4/15)
 Temple: D:4-7

Altars:
The Shining One

Annotations:
D:4 Ijyb


Innate Abilities, Weirdness & Mutations

You have a pair of horns on your head.
You reflexively headbutt those who attack you in melee.


Message History

You closely miss Ijyb.
Ijyb is lightly wounded.
Ijyb hits you with a +0 dagger.
You closely miss Ijyb. Your headbutt misses Ijyb.
Ijyb is lightly wounded.
Ijyb screams, "Don't stand in way of progress!"
Ijyb hits you but does no damage.
Ijyb zaps a wand.
Your mind is blasted!
* * * LOW HITPOINT WARNING * * *
You barely miss Ijyb.
Ijyb is lightly wounded.
Ijyb closely misses you. You furiously retaliate!
You headbutt Ijyb.
Unknown command.
You closely miss Ijyb.
Ijyb is lightly wounded.
Ijyb zaps a wand.
You barely resist. You hit Ijyb but do no damage.
Ijyb is lightly wounded.
Ijyb hits you but does no damage.
You hit Ijyb.
Ijyb is heavily wounded.
You block Ijyb's attack. Ijyb hits you with a +0 dagger.
* * * LOW HITPOINT WARNING * * *
You completely miss Ijyb.
Ijyb is heavily wounded.
Ijyb hits you but does no damage.
You barely miss Ijyb. Your headbutt misses Ijyb.
Ijyb is heavily wounded.
You block Ijyb's attack.
You hit Ijyb but do no damage. You headbutt Ijyb, but do no damage.
Ijyb is heavily wounded.
Ijyb hits you but does no damage.
You hit Ijyb but do no damage.
Ijyb is heavily wounded.
Ijyb closely misses you. You furiously retaliate!
You headbutt Ijyb. Ijyb closely misses you.
You closely miss Ijyb.
Ijyb is severely wounded.
Ijyb zaps a wand.
Your mind is blasted!
You die...
Ijyb screams, "Time for next experiment!" .gg

##... .. ...g.
.. ###g.. ##.
.... .. ....#
#.# #.#.#####.#
#
#......)g.##.#
#...)@)....# ..
######).##.#...
#.)#......
#.).......
##.#.....
#.##.......
####
#.####.....
...# #...# #..#
##(# ###.# #..#


You could see Ijyb.

Vanquished Creatures
  Sigmund (D:4)
  A gnoll bouda (D:3)
  Jessica (D:2)
  An iguana (D:3)
  An orc wizard (D:3)
  Robin (D:3)
  8 gnolls
  4 adders
  2 ribbon worms
  3 dart slugs
  10 orcs
  6 ball pythons
  4 endoplasms
  4 giant cockroaches
  16 goblins
  9 hobgoblins
  3 jackals (D:2)
  A quokka (D:2)
  6 bats
  2 frilled lizards
  8 kobolds
  7 rats
99 creatures vanquished.

Notes
Turn   | Place    | Note
-------+----------+-------------------------------------------
     0 | D:1      | DrKenneth the Minotaur Fighter began the quest for the Orb.
     0 | D:1      | Reached XP level 1. HP: 19/19 MP: 0/0
   152 | D:1      | Reached XP level 2. HP: 27/27 MP: 1/1
   249 | D:1      | Found a faded altar of an unknown god.
   645 | D:2      | Reached XP level 3. HP: 33/33 MP: 2/2
   823 | D:2      | Noticed Jessica
   828 | D:2      | Killed Jessica
   831 | D:2      | Reached XP level 4. HP: 34/40 MP: 3/3
  1575 | D:3      | Reached XP level 5. HP: 43/47 MP: 4/4
  1620 | D:3      | Reached skill level 5 in Fighting
  1620 | D:3      | Reached skill level 5 in Shields
  1818 | D:3      | Reached skill level 5 in Armour
  1935 | D:3      | Noticed Robin
  1945 | D:3      | Killed Robin
  2091 | D:3      | Found a glowing golden altar of the Shining One.
  2148 | D:3      | Reached XP level 6. HP: 49/56 MP: 5/5
  2364 | D:4      | Noticed Sigmund
  2370 | D:4      | Killed Sigmund
  2573 | D:4      | Noticed Ijyb
  2590 | D:4      | HP: 2/57 [disintegration (18)]
  2599 | D:4      | Blown up by Ijyb

Illustrated notes

Levels and vault maps discovered:
D:1:      elethiomel_arrival_quiet, layout_basic,
          hellmonk_ecumenical_altar_run_dry
D:2:      layout_loops_corners, minmay_door_square, nrook_mini_backslash,
          minivault_11, uniq_jessica
D:3:      layout_rooms, mainiacjoe_overflow_alcove_2, serial_corexii_hall,
          chequers_hall_statues_corner_a, corexii_hall_statues_i,
          nicolae_grassy_gnolls, uniq_robin
D:4:      layout_loops_ring, lightli_temple_of_fire, lemuel_crystal_altar,
          temple_doors_e, uniq_ijyb, uniq_sigmund

Skill      XL: |  1  2  3  4  5 |
---------------+----------------+-----
Armour         | 4 5 |  5.6
Fighting       | 4 5 |  5.6
Shields        | 4 5 |  5.6
Axes           | 3 4 |  4.9

Action                     |  1- 3 |  4- 6 || total
---------------------------+-------+-------++-------
  Melee: War axe           |    51 |   137 ||   188
         Headbutt          |     7 |    23 ||    30
    Use: Scroll            |       |     5 ||     5
 Armour: Scale mail        |    42 |   133 ||   175
  Dodge: Dodged            |    22 |    87 ||   109
  Block: Buckler           |    12 |    41 ||    53

Table legend: (Time is in decaauts)
 A = Elapsed time spent in this place.
 B = Non-inter-level travel time spent in this place.
 C = Inter-level travel time spent in this place.
 D = Time resting spent in this place.
 E = Time spent auto-exploring this place.
 F = Levels seen in this place.
 G = Mean time per level.
                   A        B        C        D        E       F      G
               +--------+--------+--------+--------+--------+-----+--------+
         Total |   2661 |   2355 |    306 |    276 |   1519 |   4 |  665.2 |
       Dungeon |   2661 |   2355 |    306 |    276 |   1519 |   4 |  665.2 |
               +--------+--------+--------+--------+--------+-----+--------+

Top non-repeatable levels by time:
     D:2: 1014 daAuts
     D:3: 829 daAuts
     D:1: 568 daAuts
     D:4: 248 daAuts
